 Dungeon Crawl Stone Soup version 0.29.1-2-gbd0b4ee654 (webtiles) character file.

Game seed: 2949921486624158663

52 GeoRichter the Stinger (level 3, -10/16 HPs)
             Began as a Spriggan Venom Mage on Nov 11, 2022.
             Mangled by an ogre
             ... wielding a +0 giant spiked club
              (26 damage)
             ... on level 4 of the Dungeon.
             The game lasted 00:02:48 (1756 turns).

GeoRichter the Stinger (Spriggan Venom Mage)        Turns: 1756, Time: 00:02:49

Health: -10/16     AC:  2    Str:  4    XL:     3   Next: 60%
Magic:  0/8        EV: 17    Int: 18    God:
Gold:   91         SH:  0    Dex: 15    Spells: 5/8 levels left

rFire   . . .      SeeInvis +   d - +0 dagger
rCold   . . .      Faith    .   (no shield)
rNeg    . . .      Spirit   .   a - +0 robe
rPois   .          Reflect  .   (helmet restricted)
rElec   .          Harm     .   (no cloak)
rCorr   +          Rampage  .   (gloves unavailable)
Will    .....                   (boots unavailable)
Stlth   ++........              (no amulet)
HPRegen 0.05/turn               j - ring of resist corrosion
MPRegen 0.11/turn               (no ring)

@: very quick
A: very small, no large weapons, unfitting armour, see invisible, speed 3
a: no special abilities


You were on level 4 of the Dungeon.
You visited 1 branch of the dungeon, and saw 3 of its levels.

You collected 91 gold pieces.

Inventory:

Hand Weapons
 d - a +0 dagger (weapon)
   (You found it on level 1 of the Dungeon)
Armour
 a - a +0 robe (worn)
Jewellery
 j - a ring of resist corrosion (left hand)
   (You found it on level 2 of the Dungeon)
Scrolls
 f - a scroll of immolation {unknown}
 g - 4 scrolls of identify {unknown}
 h - a scroll of vulnerability {unknown}
 i - a scroll of amnesia {unknown}
 k - a scroll of poison {unknown}
 l - a scroll of teleportation {unknown}
Potions
 b - a potion of magic
 c - a potion of attraction {unknown}
 e - a potion of degeneration {unknown}


   Skills:
 - Level 2.6 Dodging
 - Level 3.0 Stealth
 + Level 3.4 Spellcasting
 - Level 1.3 Transmutations
 * Level 1.0 Air Magic
 * Level 4.0 Poison Magic


You had 5 spell levels left.
You knew the following spells:

 Your Spells              Type           Power      Damage    Failure   Level
a - Sting                 Tmut/Pois      48%        1d5       5%          1
b - Poisonous Vapours     Pois/Air       24%        N/A       9%          2

Your spell library contained the following spells:

 Spells                   Type           Power      Damage    Failure   Level
 Mephitic Cloud           Conj/Pois/Air  9%         N/A       24%         3
 Olgreb's Toxic Radiance  Pois           17%        N/A       30%         4


Dungeon Overview and Level Annotations

Branches:
Dungeon (2/15) Zot: 16622

Altars:
Trog


Innate Abilities, Weirdness & Mutations

You are very small and have problems with some larger weapons.
You are too small for most types of armour.
You have supernaturally acute eyesight. (SInv)
You cover ground extremely quickly. (Speed+++)


Message History

You hit the giant cockroach but do no damage.
The giant cockroach misses you. x2
You barely miss the giant cockroach. The giant cockroach barely misses you.
You closely miss the giant cockroach. The giant cockroach misses you.
You hit the giant cockroach. The giant cockroach closely misses you.
You hit the giant cockroach but do no damage.
The giant cockroach misses you.
You hit the giant cockroach but do no damage.
The giant cockroach barely misses you.
The giant cockroach completely misses you.
You barely miss the giant cockroach. The giant cockroach bites you.
The sting hits the giant cockroach.
The giant cockroach is poisoned.
You kill the giant cockroach!
Your Air Magic skill increases to level 1!
A kobold comes into view. It is wielding a +0 whip.
A kobold is nearby!
Aim: a kobold, wielding a +0 whip (asleep)
You miscast Poisonous Vapours.
You are very lightly contaminated with residual magic.
Nothing appears to happen.
Unknown command.
You start resting.
Your magical contamination has completely faded away.
Aim: a kobold, wielding a +0 whip (asleep) Poisonous vapours surround the kobold!
The kobold is poisoned.
The kobold shouts!
You kill the kobold!
l - a scroll labelled ETUECHIWNI
Found a bloodstained altar of Trog.
An ogre comes into view. It is wielding a +0 giant spiked club.
Aim: an ogre, wielding a +0 giant spiked club (asleep) Poisonous vapours surround the ogre!
The ogre is poisoned.
The ogre shouts!
Aim: an ogre, wielding a +0 giant spiked club (lightly wounded, poisoned) Poisonous vapours surround the ogre!
The ogre looks even sicker.
Aim: an ogre, wielding a +0 giant spiked club (lightly wounded, very poisoned)
You miscast Poisonous Vapours.
You are very lightly contaminated with residual magic.
Nothing appears to happen.
Aim: an ogre, wielding a +0 giant spiked club (lightly wounded, very poisoned) Poisonous vapours surround the ogre!
The ogre looks even sicker.
Your magical contamination has completely faded away.
The ogre looks more healthy.
Aim: an ogre, wielding a +0 giant spiked club (heavily wounded) Poisonous vapours surround the ogre!
The ogre is poisoned.
You hit the ogre. The ogre closely misses you.
You hit the ogre but do no damage.
The ogre hits you with a +0 giant spiked club!!
Ouch! That really hurt!
You die...

.##....##.#....#
####.#........####
#..#..#......#.#######
#..#...#..##..(.......#
#...##.....##....†.....#
...###...####......#...#
...##.....###....### #
.####....###......## ..
##...# ##.#.@..### ...
###..##..#.O....# ....
...#..........###
.......##.......#
........#..)....#
...##..........#
.##...####.#...#
##....##.##...#
#.....O..##..#


You could see an ogre (poisoned).

Vanquished Creatures
  An iguana (D:4)
  A dart slug (D:2)
  2 ball pythons
  4 giant cockroaches
  5 goblins
  A hobgoblin (D:1)
  3 bats (D:1)
  3 frilled lizards (D:1)
  2 kobolds
  4 rats (D:1)
26 creatures vanquished.

Notes
Turn   | Place    | Note
-------+----------+-------------------------------------------
     0 | D:1      | GeoRichter the Spriggan Venom Mage began the quest for the
                  | Orb.
     0 | D:1      | Reached XP level 1. HP: 9/9 MP: 5/5
   342 | D:1      | Reached XP level 2. HP: 13/13 MP: 7/7
   612 | D:1      | Learned a level 2 spell: Poisonous Vapours
   845 | D:1      | Found a faded altar of an unknown god.
  1336 | D:2      | You fall into a shaft and drop 2 floors!
  1406 | D:4      | Reached skill level 4 in Poison Magic
  1406 | D:4      | Reached XP level 3. HP: 5/16 MP: 1/8
  1633 | D:4      | Reached skill level 1 in Air Magic
  1727 | D:4      | Found a bloodstained altar of Trog.
  1729 | D:4      | Noticed an ogre
  1756 | D:4      | Mangled by an ogre

Illustrated notes

Levels and vault maps discovered:
D:1:      heliophobic_arrival_henge, layout_basic,
          chequers_ecumenical_altar_simple_redux
D:2:      layout_loops_ring
D:4:      layout_cave_pools, trog_three_pillars_becter,
          minmay_temple_entry_wispy

Skill      XL: |  1  2  3 |
---------------+----------+-----
Spellcasting   | 3 |  3.4
Poison Magic   | 4 |  4.0
Air Magic      | 1 |  1.0
Dodging        | |  2.6
Stealth        | |  3.0
Transmutations | |  1.3

Action                   || total
-------------------------++-------
Melee: Dagger            ||    34
       Punch             ||     1
 Cast: Sting             ||    27
       Poisonous Vapours ||     6
 Stab: Sleeping          ||     1
Armor: Robe              ||     3
Dodge: Dodged            ||    25
